 Dungeon Crawl Stone Soup version 0.24-a0-375-g4de66ed42b (webtiles) character file.

Game seed: 9468589898870720317

137 Mithandil the Ogre Mage (level 5, -2/44 HPs)
             Began as an Ogre Wizard on May 31, 2019.
             Was a Follower of Hepliaklqana.
             Killed by nerve-wracking pain
             ... invoked by an orc priest
              (14 damage)
             ... on level 3 of the Dungeon.
             The game lasted 00:34:49 (3284 turns).

Mithandil the Ogre Mage (Ogre Wizard)               Turns: 3284, Time: 00:34:52

Health: -2/44      AC:  4    Str: 11    XL:     5   Next: 20%
Magic:  1/12       EV: 10    Int: 20    God:    Hepliaklqana [*.....]
Gold:   167        SH:  0    Dex:  7    Spells: 7/13 levels left

rFire    . . .     SeeInvis +   a - +1 spear
rCold    . . .     Gourm    .   (no shield)
rNeg     . . .     Faith    .   f - +0 robe
rPois    .         Spirit   .   m - +1 hat
rElec    .         Reflect  .   (no cloak)
rCorr    .         Harm     .   (gloves unavailable)
MR       .....                  (boots unavailable)
Stlth    +.........             (no amulet)
HPRegen  0.14/turn              h - ring of see invisible
MPRegen  0.13/turn              (no ring)

@: no status effects
A: large, unfitting armour, reduced essence, tough skin 1
a: Recall Ancestor, Ancestor Identity, Renounce Religion


You were on level 3 of the Dungeon.
You worshipped Hepliaklqana.
Hepliaklqana was aware of your devotion.
You were not hungry.

You visited 1 branch of the dungeon, and saw 4 of its levels.

You collected 167 gold pieces.

Inventory:

Hand Weapons
 a - a +1 spear (weapon)
 b - a +2 dagger of venom
Armour
 f - a +0 robe (worn)
 m - a +1 hat (worn)
Jewellery
 h - a ring of see invisible (left hand)
Potions
 c - a potion of curing
 e - a potion of mutation {unknown}
 g - a potion of lignification {unknown}
 i - a potion of brilliance {unknown}
 j - a potion of invisibility {unknown}
Comestibles
 d - 5 rations
 n - 4 chunks of flesh


   Skills:
 + Level 1.8 Fighting
 + Level 1.3 Polearms
 + Level 2.1 Dodging
 - Level 1.4 Stealth
 * Level 4.9 Spellcasting
 + Level 2.0 Conjurations
 + Level 1.5 Summonings
   Level 0.8 Translocations


You had 7 spell levels left.
You knew the following spells:

 Your Spells              Type           Power        Failure   Level  Hunger
a - Magic Dart            Conj           ##..         4%          1    None
b - Call Imp              Summ           ##......     10%         2    #......
c - Conjure Flame         Conj/Fire      #.......     24%         3    ##.....

Your spell library contained the following spells:

 Spells                   Type           Power        Failure   Level  Hunger
 Blink                    Tloc           N/A          12%         2    #......
 Slow                     Hex            #.......     19%         2    #......
 Mephitic Cloud           Conj/Pois/Air  #.......     26%         3    ##.....


Dungeon Overview and Level Annotations

Branches:
Dungeon (4/15)
 Temple: D:4-7

Altars:
Hepliaklqana
Kikubaaqudgha


Innate Abilities, Weirdness & Mutations

You are too large for most types of armour.
You have tough skin. (AC +1)
Your life essence is reduced to manifest your ancestor. (-10% HP)


Message History

You hit the orc priest but do no damage.
The orc priest is almost dead.
The orc priest begins to cast a cantrip, but forgets the words!
Your crimson imp hits the orc priest but does no damage.
You hit the orc priest but do no damage.
The orc priest is almost dead.
The orc priest barely misses you.
Your crimson imp hits the orc priest but does no damage.
Your crimson imp hits the orc priest.
You barely miss the orc priest.
The orc priest is almost dead.
Your crimson imp barely misses the orc priest. x2
The orc priest hits you but does no damage.
You barely miss the orc priest.
The orc priest is almost dead.
Your crimson imp barely misses the orc priest.
Your crimson imp hits the orc priest but does no damage.
The orc priest mumbles some strange prayers to Beogh against you.
Pain shoots through your body!
You die...

...#####.##..# #.##
.##### #.###.# #.#
.....# #.###.##
##.# .....#
#...#..#####
#####..# .....#
###.##.....#
#.....## .....#
#........# #.....#
.....# ###>...55#
#.....# ....<#
#.....o# #.....#
.....# ##...@.#
#<....# .....#
###...[..# #.....#
.....#####......).#
#.....#
##.).......##.....#
###.###
#.#############..#
#.# ##.# ##.# #.#
...## #.#####.###
....## #.........#
.....# #####.....#


You could see an orc priest and 2 friendly crimson imps.

Vanquished Creatures
  An orc wizard (D:4)
  A hound skeleton (D:3)
  An adder (D:2)
  A leopard gecko (D:3)
  A giant cockroach (D:3)
  3 goblins (D:3)
  3 hobgoblins
  4 jackals
  3 kobolds
  A quokka (D:3)
  3 bats
  A frilled lizard (D:2)
  A leopard gecko skeleton (D:4)
  2 rats
26 creatures vanquished.

Vanquished Creatures (collateral kills)
  An orc wizard (D:3)
  2 adders (D:3)
  A worm (D:1)
  A dart slug (D:1)
  2 leopard geckos (D:3)
  2 orcs (D:3)
  3 bats (D:1)
  3 giant cockroaches
  2 goblins
  A hobgoblin (D:1)
  5 jackals (D:3)
  A ball python (D:1)
24 creatures vanquished.

Vanquished Creatures (others)
  An ancestor (D:3)
1 creature vanquished.

Grand Total: 51 creatures vanquished

Notes
Turn   | Place    | Note
-------+----------+-------------------------------------------
     0 | D:1      | Mithandil the Ogre Wizard began the quest for the Orb.
     0 | D:1      | Reached XP level 1. HP: 16/16 MP: 5/5
   200 | D:1      | Reached skill level 1 in Conjurations
   496 | D:1      | Reached skill level 4 in Spellcasting
   496 | D:1      | Reached XP level 2. HP: 2/24 MP: 0/7
   629 | D:1      | Learned a level 2 spell: Call Imp
  1858 | D:3      | Reached skill level 1 in Summonings
  1858 | D:3      | Reached XP level 3. HP: 32/32 MP: 3/8
  2261 | D:2      | Learned a level 3 spell: Conjure Flame
  2611 | D:2      | Found a faded altar of an unknown god.
  2616 | D:2      | Became a worshipper of Hepliaklqana the Forgotten
  2616 | D:2      | Reached * piety under Hepliaklqana
  2782 | D:3      | Reached skill level 1 in Fighting
  2782 | D:3      | Reached XP level 4. HP: 21/36 MP: 10/10
  2913 | D:3      | Reached skill level 1 in Polearms
  2959 | D:3      | Found an ancient bone altar of Kikubaaqudgha.
  3249 | D:4      | Reached XP level 5. HP: 41/44 MP: 7/12
  3284 | D:3      | Killed from afar by an orc priest

Levels and vault maps discovered:
D:1:      minmay_arrival_glassed_features, layout_basic, interstate_on_off
D:2:      layout_basic, first_ration, chequers_ecumenical_altar_lobes,
          minmay_misc_feat_nine_boxes
D:3:      layout_rooms, kiku_gazebo_pond_becter
D:4:      layout_loops_ring, lemuel_round_altar,
          nemelex_xobeh_ov_fountains_minmay,
          chequers_temple_overflow_statue_of_worship

Skill      XL: |  1  2  3  4 |
---------------+-------------+-----
Conjurations   | 1 2 |  2.0
Spellcasting   | 4 |  4.9
Summonings     | 1 |  1.5
Fighting       | 1 |  1.8
Polearms       | 1 |  1.3
Dodging        | 2 |  2.1
Stealth        | |  1.4
Translocations | |  0.8

Action                   |  1- 3 |  4- 6 || total
-------------------------+-------+-------++-------
Melee: Spear             |    18 |    62 ||    80
 Cast: Magic Dart        |    43 |    23 ||    66
       Call Imp          |    18 |     8 ||    26
       Conjure Flame     |       |     1 ||     1
  Use: Scroll            |     6 |     2 ||     8
       Potion            |       |     2 ||     2
 Stab: Distracted        |       |     1 ||     1
  Eat: Ration            |     2 |       ||     2
       Chunk             |     1 |       ||     1
Armor: Robe              |    23 |    10 ||    33
Dodge: Dodged            |    48 |    38 ||    86

Table legend:
 A = Non-vault XP
 B = Vault XP
 C = Vault XP percentage of total XP
 D = Non-vault monster count
 E = Vault monster count
 F = Vault count percentage of total count
                 A         B        C        D         E       F
            +---------+---------+-------+---------+---------+-------
      Total |     197 |       0 |   0.0 |      50 |       0 |   0.0
            +---------+---------+-------+---------+---------+-------
        D:1 |      27 |       0 |   0.0 |      17 |       0 |   0.0
        D:2 |      17 |       0 |   0.0 |       4 |       0 |   0.0
        D:3 |     116 |       0 |   0.0 |      27 |       0 |   0.0
        D:4 |      37 |       0 |   0.0 |       2 |       0 |   0.0
            +---------+---------+-------+---------+---------+-------
